Map: Eternal Empire LE

Players

DnS - Winner!

  • Race: Protoss Protoss
  • Spawn Location: 1:00

BratOK (Brat_OK)

  • Race: Terran Terran
  • League: Master
  • Spawn Location: 7:00

Event: DreamHack SC2 Masters 2020 Fall

VOD

Have the link to the VOD?

Description

Time

  • Played on: Aug. 26, 2020, 12:48 p.m.
  • Length: 20:51

All games in this series

Show
View Real Time Build Order
Export as new Build Order

DnS Protoss - Winner!

Build Orders: 1 Gate Expand, Phoenix Opening, Archon Immortal, Carriers 

Get SALT Encoding   

  12  0:00  Probe  
  13  0:12  Probe  
  14  0:17  Pylon  
  14  0:24  Probe (Chrono Boost)  
  15  0:36  Probe (Chrono Boost), Gateway  
  16  0:44  Probe (Chrono Boost)  
  16  0:45  Assimilator  
  17  0:50  Probe  
  18  1:03  Probe  
  19  1:15  Probe  
  20  1:22  Nexus  
  20  1:33  Cybernetics Core  
  20  1:36  Probe  
  21  1:45  Assimilator  
  21  1:48  Probe  
  21  1:53  Pylon  
  22  2:00  Probe  
  23  2:09  Adept (Chrono Boost)  
  23  2:12  Probe  
  26  2:16  Stargate  
  26  2:25  Warp Gate  
  26  2:26  Probe (Chrono Boost)  
  26  2:29  Adept (Chrono Boost)  
  27  2:34  Probe (Chrono Boost)  
  31  2:43  Probe (Chrono Boost)  
  31  2:44  Probe (Chrono Boost)  
  32  2:49  Probe x2 (Chrono Boost)  
  34  3:01  Probe x2  
  34  3:03  Adept  
  41  3:10  Pylon  
  41  3:13  Probe, Phoenix (Chrono Boost)  
  41  3:16  Probe  
  42  3:21  Pylon  
  42  3:25  Probe  
  43  3:29  Probe  
  43  3:32  Phoenix (Chrono Boost)  
  45  3:37  Probe  
  45  3:41  Probe  
  45  3:46  Robotics Facility  
  45  3:49  Probe  
  45  3:54  Probe, Phoenix (Chrono Boost)  
  49  4:02  Probe  
  50  4:05  Nexus  
  50  4:06  Probe  
  50  4:08  Pylon  
  51  4:14  Probe, Phoenix (Chrono Boost)  
  54  4:19  Probe  
  54  4:21  Stalker  
  54  4:23  Assimilator  
  57  4:26  Assimilator  
  57  4:27  Probe  
  57  4:31  Probe  
  59  4:35  Immortal (Chrono Boost)  
  63  4:41  Probe  
  63  4:43  Probe  
  65  4:47  Shield Battery  
  65  4:52  Gateway  
  65  4:54  Gateway  
  65  4:55  Probe  
  65  4:57  Sentry  
  68  5:03  Probe  
  69  5:07  Probe  
  70  5:15  Pylon  
  70  5:17  Probe, Observer (Chrono Boost)  
  70  5:18  Twilight Council, Forge  
  70  5:21  Probe x2  
  73  5:22  Sentry  
  76  5:29  Probe  
  76  5:33  Probe x2, Immortal (Chrono Boost)  
  83  5:41  Probe  
  84  5:45  Probe  
  84  5:46  Probe  
  84  5:48  Protoss Ground Weapons Level 1  
  86  5:50  Robotics Bay  
  86  5:52  Assimilator  
  86  5:53  Probe  
  86  5:54  Charge (Chrono Boost), Assimilator  
  87  5:57  Probe  
  87  5:58  Probe  
  89  6:05  Probe  
  89  6:07  Pylon  
  89  6:09  Probe, Pylon  
  89  6:10  Probe  
  92  6:17  Probe  
  93  6:24  Gateway  
  93  6:25  Probe, Gateway  
  92  6:26  Immortal (Chrono Boost)  
  92  6:27  Pylon  
  92  6:28  Pylon, Gateway  
  96  6:36  Robotics Facility  
  96  6:43  Zealot x3  
  96  6:45  Pylon  
  102  6:47  Extended Thermal Lance, Pylon  
  102  6:49  Observer  
  106  7:09  Colossus (Chrono Boost)  
  106  7:11  Zealot x3  
  110  7:19  Gateway  
  110  7:20  Gateway  
  110  7:22  Gateway  
  110  7:23  Photon Cannon  
  110  7:24  Photon Cannon  
  110  7:25  Sentry, Colossus (Chrono Boost)  
  110  7:26  Shield Battery  
  110  7:28  Pylon  
  118  7:38  Templar Archives  
  121  7:56  Colossus (Chrono Boost)  
  121  7:59  Sentry x2, Zealot x4  
  121  8:00  Gateway  
  133  8:14  Protoss Ground Weapons Level 2 (Chrono Boost)  
  133  8:18  Probe x3  
  140  8:22  Immortal (Chrono Boost)  
  135  8:34  High Templar x4  
  135  8:35  Zealot x3  
  135  8:39  Pylon x2  
  135  8:40  Pylon, Archon x2  
  149  8:49  Nexus  
  149  8:50  Pylon  
  149  8:52  Warp Prism (Chrono Boost)  
  149  8:54  Pylon  
  149  8:57  Pylon, Observer (Chrono Boost)  
  149  8:58  Pylon  
  149  9:00  Pylon  
  149  9:01  Pylon  
  150  9:08  Probe x3  
  153  9:13  Photon Cannon  
  153  9:15  Immortal, High Templar x3  
  153  9:16  Photon Cannon, High Templar  
  165  9:20  Archon x2  
  165  9:24  Blink  
  165  9:25  Probe x3  
  165  9:29  Zealot, Photon Cannon  
  165  9:31  Zealot  
  172  9:37  Zealot x2  
  176  9:40  Probe x2  
  176  9:45  Probe  
  179  9:52  Probe  
  176  10:00  Probe x2  
  176  10:01  Photon Cannon  
  176  10:02  Photon Cannon  
  176  10:03  Assimilator  
  176  10:04  Assimilator, High Templar x4  
  176  10:05  Zealot x2  
  190  10:08  Archon x2  
  188  10:27  Probe x3, Fleet Beacon  
  191  10:30  Stargate  
  191  10:33  Protoss Ground Weapons Level 3 (Chrono Boost)  
  191  10:39  Nexus  
  191  10:46  Stalker x2  
  187  10:51  Protoss Air Weapons Level 1 (Chrono Boost)  
  187  11:05  Photon Cannon  
  187  11:09  Stargate  
  187  11:11  Stargate  
  187  11:13  Pylon  
  187  11:17  Pylon  
  187  11:18  Tempest x2 (Chrono Boost)  
  197  11:20  Unknown  
  153  11:40  Zealot  
  153  11:41  Zealot x7  
  153  11:45  Gateway  
  167  11:48  Gateway  
  167  11:53  Probe x3  
  162  12:04  Carrier x3 (Chrono Boost)  
  186  12:08  Carrier (Chrono Boost)  
  180  12:22  Immortal x2  
  130  12:41  High Templar x4  
  130  12:42  Zealot x4  
  141  12:44  Protoss Air Weapons Level 2 (Chrono Boost)  
  141  12:45  Archon x2  
  145  12:58  Carrier (Chrono Boost)  
  141  13:01  Carrier (Chrono Boost)  
  147  13:06  Warp Prism (Chrono Boost)  
  147  13:12  Zealot  
  157  13:16  Zealot x3  
  157  13:17  Zealot x4  
  171  13:24  Carrier (Chrono Boost)  
  169  13:31  Photon Cannon  
  169  13:33  Photon Cannon  
  169  13:34  Photon Cannon  
  173  13:46  Carrier (Chrono Boost)  
  173  13:48  Protoss Shields Level 1  
  173  13:51  Carrier (Chrono Boost)  
  185  14:01  Carrier (Chrono Boost)  
  189  14:07  Observer (Chrono Boost)  
  191  14:11  Nexus  
  191  14:13  Pylon  
  191  14:14  Observer (Chrono Boost)  
  191  14:27  Carrier  
  195  14:33  Photon Cannon  
  195  14:35  Photon Cannon  
  195  14:37  Photon Cannon  
  191  14:47  Carrier  
  191  14:51  Photon Cannon  
  197  14:54  Pylon  
  194  15:04  Protoss Air Weapons Level 3 (Chrono Boost)  
  186  15:08  Disruptor x2  
  178  15:20  Carrier x2  
  185  15:42  Zealot x7  
  199  15:54  Protoss Shields Level 2 (Chrono Boost)  
  196  16:01  Nexus  
  182  16:12  Disruptor x2  
  188  16:19  Zealot x2  
  192  16:28  Stalker x3  
  192  16:29  Stalker  
  170  16:48  Observer  
  168  17:12  Disruptor x2  
  174  17:17  Stalker x3  
  180  17:26  Probe x5 (Chrono Boost)  
  180  17:27  Probe (Chrono Boost)  
  186  17:30  Protoss Air Armor Level 1 (Chrono Boost)  
  186  17:31  Sentry  
  186  17:32  Sentry  
  190  17:38  Probe (Chrono Boost)  
  189  17:47  Probe (Chrono Boost)  
  190  17:51  Photon Cannon  
  190  17:53  Photon Cannon  
  190  17:54  High Templar x5  
  190  17:55  Photon Cannon  
  190  17:57  High Templar  
  190  17:58  Archon x2  
  200  18:01  Archon  
  200  18:09  Dark Shrine  
  197  18:15  Stalker  
  199  18:35  Probe  
  200  18:43  Gateway x2  
  200  18:47  Assimilator  
  200  18:48  Assimilator  
  200  19:09  Disruptor (Chrono Boost)  
  188  19:15  Zealot x3  
  199  19:18  Disruptor (Chrono Boost)  
  179  20:09  High Templar x5  
  179  20:10  High Templar x3  
  179  20:13  Archon  
  179  20:14  Archon x3  
  195  20:15  Probe x5  
  200  20:24  Nexus  
  200  20:26  Pylon  
  200  20:49  Unknown  
Show
View Real Time Build Order
Export as new Build Order

BratOK Terran 

Build Orders: 2 Factory, Reaper Expand, Mech 

Get SALT Encoding   

  12  0:02  SCV  
  13  0:14  SCV  
  13  0:18  Supply Depot  
  14  0:26  SCV  
  15  0:40  SCV  
  15  0:41  Barracks  
  16  0:44  Refinery  
  16  0:52  SCV  
  17  1:04  SCV  
  18  1:16  SCV  
  19  1:28  Reaper, Orbital Command  
  20  1:45  Command Center  
  20  1:53  Supply Depot  
  20  1:54  SCV  
  20  2:00  Marine  
  22  2:06  SCV  
  23  2:09  Factory  
  23  2:18  SCV, Marine  
  23  2:19  Bunker  
  25  2:28  Refinery  
  25  2:33  SCV  
  25  2:37  Barracks Tech Lab  
  26  2:45  SCV  
  27  2:57  SCV  
  28  2:58  Orbital Command  
  28  3:01  Cyclone  
  31  3:19  Barracks Reactor, Factory  
  31  3:21  SCV  
  31  3:22  Refinery  
  32  3:28  SCV  
  32  3:33  SCV  
  33  3:38  Cyclone  
  33  3:40  SCV  
  37  3:45  SCV  
  38  3:50  Supply Depot  
  38  3:54  Supply Depot  
  38  3:56  SCV  
  38  3:57  SCV  
  40  4:08  SCV, Widow Mine x2  
  45  4:12  Cyclone  
  45  4:13  SCV  
  49  4:18  Command Center  
  49  4:22  SCV  
  50  4:26  Armory  
  50  4:32  Supply Depot  
  50  4:33  Widow Mine  
  50  4:34  Widow Mine  
  50  4:36  SCV  
  55  4:41  SCV  
  56  4:45  Cyclone  
  56  4:48  SCV  
  60  4:53  SCV, Barracks Tech Lab  
  60  4:56  Factory  
  60  4:57  Refinery  
  61  5:06  Supply Depot  
  60  5:07  SCV x2  
  63  5:14  Widow Mine  
  63  5:15  Terran Vehicle And Ship Armor Level 1  
  63  5:19  SCV x2  
  65  5:23  Mag-Field Accelerator  
  65  5:26  Cyclone  
  68  5:31  SCV, Orbital Command  
  69  5:36  Supply Depot  
  67  5:45  SCV x2  
  69  5:55  Cyclone  
  69  5:56  Drilling Claws, Orbital Command, Widow Mine x2  
  76  5:57  SCV  
  76  5:58  Cyclone  
  76  6:02  Engineering Bay  
  80  6:07  SCV  
  80  6:09  SCV  
  78  6:20  SCV  
  78  6:21  SCV  
  78  6:24  SCV  
  80  6:30  Hellion, Cyclone  
  80  6:31  Hellion  
  80  6:32  SCV  
  88  6:33  SCV, Missile Turret  
  88  6:34  Missile Turret  
  88  6:36  SCV, Missile Turret  
  90  6:44  SCV, Barracks Reactor  
  90  6:45  SCV  
  92  6:47  Factory x2  
  92  6:48  SCV  
  91  6:56  SCV  
  91  6:58  SCV  
  91  6:59  Cyclone  
  91  7:00  SCV  
  96  7:08  SCV  
  97  7:09  Supply Depot x2  
  97  7:10  SCV  
  97  7:12  SCV  
  97  7:14  Terran Vehicle Weapons Level 1  
  99  7:20  SCV  
  99  7:22  SCV  
  101  7:25  Infernal Pre-Igniter  
  101  7:31  SCV  
  101  7:34  Supply Depot, Factory Tech Lab  
  101  7:35  SCV, Supply Depot  
  109  7:40  Supply Depot x2  
  109  7:41  Hellion x3  
  109  7:43  SCV x2  
  117  7:54  Siege Tank x2  
  117  7:55  Siege Tank  
  118  8:00  SCV  
  118  8:02  Armory, Missile Turret  
  118  8:04  SCV x2  
  121  8:06  Command Center  
  121  8:08  Hellion  
  121  8:21  Widow Mine x2  
  121  8:26  Cyclone, Siege Tank  
  131  8:31  Siege Tank  
  131  8:32  Hellion x2  
  138  8:37  SCV x2, Starport  
  138  8:39  Refinery x2  
  140  8:42  Supply Depot x2  
  140  8:51  Missile Turret  
  140  8:53  Terran Vehicle And Ship Armor Level 2  
  140  8:54  SCV x2  
  142  9:01  SCV  
  143  9:05  Supply Depot  
  143  9:06  SCV, Supply Depot  
  143  9:07  SCV  
  145  9:11  Terran Vehicle Weapons Level 2  
  145  9:17  Planetary Fortress  
  145  9:20  Missile Turret  
  145  9:23  Missile Turret  
  145  9:25  Liberator  
  145  9:29  Hellion x2  
  152  9:35  Refinery  
  152  9:39  Refinery  
  152  9:41  Missile Turret x2  
  152  9:42  Missile Turret  
  144  9:53  Siege Tank x3  
  144  9:54  Hellion x3  
  144  9:56  Missile Turret  
  159  10:03  Supply Depot  
  159  10:04  Supply Depot  
  157  10:15  Barracks Reactor, Liberator  
  157  10:21  Hellion x4  
  164  10:25  Siege Tank x2  
  164  10:26  Siege Tank  
  173  10:29  Missile Turret  
  173  10:42  Hellion x4  
  178  11:01  Command Center  
  178  11:03  Command Center  
  178  11:17  Terran Vehicle And Ship Armor Level 3  
  178  11:18  Missile Turret x2  
  170  11:26  Hellion x2, Siege Tank x2  
  170  11:27  Hellion x2  
  164  11:52  Factory x2  
  164  11:53  Fusion Core, Factory  
  156  12:04  Siege Tank x2  
  156  12:05  Widow Mine  
  157  12:21  Command Center, Siege Tank  
  115  12:35  Widow Mine  
  115  12:36  Cyclone x2  
  120  12:42  Hellion x5  
  120  12:44  Planetary Fortress  
  114  12:49  Orbital Command  
  114  12:52  Factory Tech Lab  
  114  12:53  Unknown, Cyclone  
  117  13:08  Cyclone  
  117  13:12  Factory Reactor, Factory Tech Lab  
  120  13:13  Cyclone x2, Widow Mine x2  
  120  13:15  SCV  
  131  13:20  Missile Turret  
  131  13:24  Terran Ship Weapons Level 1  
  131  13:32  Smart Servos  
  131  13:34  Thor  
  131  13:35  Hellion  
  131  13:40  Orbital Command  
  139  13:45  Liberator  
  139  13:47  Advanced Ballistics  
  142  13:50  Supply Depot  
  142  14:09  Thor x2  
  152  14:10  Liberator  
  155  14:35  Liberator  
  158  14:44  Thor x2  
  170  14:53  Missile Turret  
  168  15:08  Terran Vehicle Weapons Level 3  
  168  15:12  Thor x2  
  170  15:15  Widow Mine x2  
  165  15:25  Widow Mine x4  
  146  15:42  Hellion, Thor x2  
  151  15:51  Thor  
  151  15:55  Thor  
  163  16:08  Thor  
  163  16:09  Hellion, Widow Mine x2  
  163  16:10  Widow Mine x2  
  160  16:24  Thor x2  
  172  16:31  Liberator  
  172  16:32  Liberator  
  145  16:54  Thor x3  
  151  16:55  Hellion x2  
  153  17:09  Thor  
  153  17:10  Thor  
  153  17:11  Widow Mine x2  
  166  17:23  Terran Ship Weapons Level 2  
  163  17:31  Liberator x2  
  163  17:36  Thor  
  175  17:45  Thor  
  181  17:59  Starport  
  177  18:14  Liberator x2  
  183  18:29  SCV x7  
  188  18:36  Command Center  
  186  19:10  Thor  
  186  19:11  Thor  
  186  19:16  Missile Turret x2  
  198  19:17  Missile Turret x2  
  198  19:19  Missile Turret  
  190  19:48  Thor x2  
  190  19:49  Liberator  
  184  19:57  Thor x2  
  184  19:58  Widow Mine  
  136  20:02  Widow Mine x2  
  131  20:21  Orbital Command  
  131  20:31  Missile Turret  
  131  20:32  Missile Turret  

Tags
 
Add a new tag
Caveats
  • Supply blocks, unpowered buildings, or Contaminate may cause inaccurate times.
  • Supply counts are checked every 10 seconds.